AoeStats
← ScreenDreamz

Arena

509679343Analyzed
2v2 RM · 5d ago on Sep 27, 2026· 41m 41s· 4 players
Game mode
Random Map
Map size
Medium (4 player)
Population
200
Speed
Normal
Resources
Standard
Victory
Conquest
Starting age
Dark Age
Ending age
Imperial Age
RankedLock teamsTeams togetherTeam positionsShared explorationLock speedFull tech treeHidden civsTurbo modeCheats
Victory
Defeat
🇨🇱 Franks · Chile
1003
+15
🇨🇱 Tatars · Chile
950
+17
🇺🇸 Khmer · United States
1000
-51
🇺🇸 Spanish · United States
953
-44
catstorm
8:18 Loom
10:40 Feudal Age
15:48 Castle Age
15:06 Stone Mining
24:12 Wheelbarrow
25:13 Town Watch
25:40 Double-Bit Axe
32:53 Imperial Age
30:20 Fletching
30:36 Scale Barding Armor
30:50 Hand Cart
32:01 Bodkin Arrow
32:51 Forging
33:17 Ballistics
34:24 Conscription
35:37 Murder Holes
36:43 Chemistry
37:05 Hoardings
38:26 Cavalier
39:16 Chivalry
40:32 Chain Barding Armor
40:47 Iron Casting
39:40 Paladin
40:52 Husbandry
The Rooster
9:32 Loom
11:56 Feudal Age
14:45 Stone Mining
17:06 Castle Age
15:16 Horse Collar
15:25 Double-Bit Axe
18:02 Padded Archer Armor
18:54 Fletching
21:31 Wheelbarrow
24:20 Ballistics
27:29 Hand Cart
27:44 Town Watch
28:33 Silk Armor
31:42 Gold Mining
33:19 Bow Saw
33:11 Heavy Plow
38:49 Imperial Age
37:43 Town Patrol
39:23 Gold Shaft Mining
38:38 Stone Mining
39:10 Heavy Cavalry Archer
40:44 Conscription
41:55 Chemistry
41:03 Siege Engineers
iamhuntingdeer9393
15:15 Feudal Age
23:32 Castle Age
30:41 Horse Collar
30:50 Double-Bit Axe
32:34 Crossbowman
32:46 Light Cavalry
33:37 Bloodlines
36:18 Arson
38:27 Man-at-Arms
40:44 Wheelbarrow
41:17 Long Swordsman
ScreenDreamz
10:56 Feudal Age
12:32 Horse Collar
16:44 Castle Age
21:04 Fletching
25:00 Ballistics
26:21 Pikeman
26:47 Arson
Connection lost

Rejoining the realm…

Still unreachable

The connection could not be restored.

Session expired

The server has moved on; the page needs a fresh start.